 Dungeon Crawl Stone Soup version 0.31.0-11-ge490571c62 (webtiles) character file.

Game seed: 1963712216952794727

3 Flugkiller the Chiller (level 1, -1/9 HPs)
             Began as a Vine Stalker Ice Elementalist on Feb 3, 2024.
             Slain by an adder (2 damage)
             ... on level 4 of the Dungeon.
             The game lasted 00:00:22 (105 turns).

Flugkiller the Chiller (VSIE)                        Turns: 105, Time: 00:00:23

Health: -1/9       AC:  2    Str: 10    XL:     1   Next: 50%
Magic:  0/4        EV:  9    Int: 15    God:
Gold:   34         SH:  0    Dex: 14    Spells: 3/4 levels left

rFire   . . .        d - +0 dagger
rCold   . . .        (no shield)
rNeg    . . .        a - +0 robe
rPois   .            (no helmet)
rElec   .            (no cloak)
rCorr   .            (no gloves)
SInv    .            (no boots)
Will    .....        g - amulet of the acrobat
Stlth   ++           (no ring)
HPRegen 1.01/turn    (no ring)
MPRegen 0.09/turn

%: acrobat, guardian spirit
@: lethally poisoned (-1 -> -2), constricted
A: fangs 2, regeneration 1, magic shield, antimagic bite, no potion heal 2
a: no special abilities


You were on level 4 of the Dungeon.
You visited 1 branch of the dungeon, and saw 4 of its levels.

You collected 34 gold pieces.

Inventory:

Hand Weapons
 d - a +0 dagger (weapon)
   (You took it off a goblin on level 2 of the Dungeon)
Armour
 a - a +0 robe (worn)
Jewellery
 g - an amulet of the acrobat (around neck)
   (You found it on level 3 of the Dungeon)
Scrolls
 c - a scroll of teleportation {unknown}
 e - a scroll of identify {unknown}
 f - a scroll of blinking {unknown}
Potions
 b - a potion of magic


   Skills:
 - Level 1.5 Dodging
 - Level 2.4 Stealth
 + Level 2.3 Spellcasting
 + Level 4.1 Ice Magic


You had 3 spell levels left.
You knew the following spells:

 Your Spells              Type           Power      Damage    Failure   Level
a - Freeze                Ice            56%        1d7       4%          1

Your spell library contained the following spells:

 Spells                   Type           Power      Damage    Failure   Level
 Frozen Ramparts          Ice            28%        1d5       12%         3
 Ozocubu's Armour         Ice            14%        N/A       12%         3
 Summon Ice Beast         Ice/Summ       7%         N/A       28%         3


Dungeon Overview and Level Annotations

Branches:
Dungeon (4/15) Zot: 23894
 Temple: D:4-7

Altars:

Portals:
Sewer: D:4


Innate Abilities, Weirdness & Mutations

You have extremely sharp teeth.
Your natural rate of healing is unusually fast.
When hurt, damage is shared between your health and your magic reserves.
Your bite disrupts and absorbs the magic of your enemies.
Potions cannot restore your health.


Message History

A giant cockroach comes into view.
Found 10 gold pieces.
Found a stone staircase leading up.
Found 16 gold pieces.
You see here a scroll labelled ACARIETOUG.
e - a scroll labelled ACARIETOUG You hit the giant cockroach but do no damage.
You bite the giant cockroach, but do no damage.
The giant cockroach closely misses you.
You barely miss the giant cockroach. The giant cockroach barely misses you.
The giant cockroach closely misses you.
You hit the giant cockroach but do no damage.
The giant cockroach barely misses you.
You completely miss the giant cockroach.
Your bite misses the giant cockroach. The giant cockroach closely misses you.
You closely miss the giant cockroach.
The giant cockroach bites you but does no damage.
You barely miss the giant cockroach. The giant cockroach closely misses you.
You hit the giant cockroach but do no damage.
You bite the giant cockroach. You drain its power.
You feel invigorated.
The giant cockroach is severely wounded.
The giant cockroach barely misses you. The giant cockroach bites you.
You completely miss the giant cockroach.
You bite the giant cockroach.
You kill the giant cockroach!
Found a stone staircase leading down.
Found a club.
You now have 10 gold pieces.
You now have 26 gold pieces (gained 16).
Found 8 gold pieces.
Found a small zirconium amulet.
f - a scroll labelled WEOQE EGUIWN
There is a stone staircase leading down here.
Found a stone staircase leading down.
g - an amulet of the acrobat You start putting on your amulet.
You continue putting on your amulet of the acrobat. x5
You finish putting on your amulet of the acrobat.
You feel ready to tumble and roll out of harm's way.
g - an amulet of the acrobat (around neck)
You now have 34 gold pieces (gained 8).
There is a stone staircase leading down here.
You climb downwards.
You hear the sound of rushing water.
There is an entrance to a sewer on this level.
Hurry and find it before the portal rusts away!
Found a golden potion.
There is a stone staircase leading up here.
Found 6 gold pieces.
Found a glowing drain.
A ball python comes into view.
A river rat and a rat come into view.
The river rat squeaks loudly.
The ball python hisses angrily.
You hear an angry hiss.
The ball python hisses angrily.
An adder comes into view.
A rat comes into view.
The rat squeaks loudly.
The ball python bites you. The ball python barely misses you.
Unknown command.
The ball python attacks as it pursues you!
The ball python misses you. The ball python completely misses you.
The river rat twitches its whiskers.
The ball python attacks as it pursues you!
The ball python completely misses you. x2
There is a stone staircase leading up here.
Casting: Freeze (safe; 4% risk of failure)
Confirm with . or Enter, or press ? or * to list all spells.
Aiming: Freeze (safe; 4% risk of failure)
Press: ? - help, Shift-Dir - straight line, f - ball python
Aim: a ball python You freeze the ball python.
You kill the ball python!
Casting: Freeze (safe; 4% risk of failure)
Confirm with . or Enter, or press ? or * to list all spells.
Aiming: Freeze (safe; 4% risk of failure)
Press: ? - help, Shift-Dir - straight line, f - adder
Aim: an adder You freeze the adder.
The adder is heavily wounded.
The adder seems to slow down.
The adder bites you.
You are poisoned.
The adder poisons you!
Casting: Freeze (safe; 4% risk of failure)
Confirm with . or Enter, or press ? or * to list all spells.
Aiming: Freeze (safe; 4% risk of failure)
Press: ? - help, Shift-Dir - straight line, f/p - adder
Aim: an adder (heavily wounded, slow)
You freeze the adder.
The adder is almost dead.
You feel sick. The adder bites you.
* * * LOW HITPOINT WARNING * * *
Okay, then.
You barely miss the adder.
The adder is almost dead.
You feel sick.
Unknown command.
You closely miss the adder. Your bite misses the adder.
The adder is almost dead.
You feel sick. The ball python closely misses you. The ball python grabs you.
The ball python constricts you.
* * * LOW HITPOINT WARNING * * *
The adder bites you.
You die...

####..~~r~~..#
.....~r∩~~..#
#...~~~~~..#
#...$~~~...#
#.r.......#
#.........#
#...##..###
###r###..#
#@S......#
#S######!# #.#
#.# #.# #.#
#.# #.#


You could see an adder (slow), a river rat and a ball python.

Vanquished Creatures
  A giant cockroach (D:3)
  A goblin (D:2)
  A ball python (D:4)
3 creatures vanquished.

Notes
Turn   | Place    | Note
-------+----------+-------------------------------------------
     0 | D:1      | Flugkiller the Vine Stalker Ice Elementalist began the
                  | quest for the Orb.
     0 | D:1      | Reached XP level 1. HP: 9/9 MP: 4/4
    93 | D:4      | Found a glowing drain.
   105 | D:4      | Slain by an adder

Illustrated notes

Levels and vault maps discovered:
D:1:      ncdulo_watergridlock, layout_basic, nicolae_grassy_gnolls
D:2:      layout_basic, minmay_puff
D:3:      layout_loops_ring, marbit_many_paths, mainiacjoe_overflow_brackets
D:4:      layout_loops_ring, portal_sewer_entry_a, chequers_serial_rivers_marsh

Action                     || total
---------------------------++-------
  Melee: Dagger            ||    10
         Bite              ||     3
   Cast: Freeze            ||     5
 Armour: Robe              ||     7
  Dodge: Dodged            ||    13
